 Dungeon Crawl Stone Soup version 0.13.0-25-g43d4df3 (webtiles) character file.

1092 Impy the Covert (level 7, -1/49 HPs)
             Began as a Vampire Assassin on Oct 30, 2013.
             Was a Follower of Okawaru.
             Slain by a wight
             ... wielding a +1,+3 halberd of flaming
              (3 damage)
             ... on Level 6 of the Dungeon.
             The game lasted 00:25:09 (4945 turns).

Impy the Covert (Vampire Assassin)                  Turns: 4945, Time: 00:25:10

HP  -1/49        AC  6     Str 10      XL: 7   Next: 56%
MP   5/7         EV 17     Int 14 (15) God: Okawaru [*.....]
Gold 305         SH  0     Dex 14 (15) Spells:  0 memorised,  6 levels left

Res.Fire  : . . .   See Invis. : +   a - +2,+3 dagger {=f}
Res.Cold  : + . .   Warding    : .   u - +2 orc leather armour {rPois}
Life Prot.: + + .   Conserve   : .   (no shield)
Res.Poison: +       Res.Corr.  : .   (helmet restricted)
Res.Elec. : .       Clarity    : .   d - +0 cloak
Sust.Abil.: . .     Spirit.Shd : .   (no gloves)
Res.Mut.  : .       Stasis     : .   (no boots)
Res.Rott. : +       Flight     : .   (no amulet)
Saprovore : . . .                    (no ring)
                                     t - ring of sustenance

@: regenerating slowly, heroism, slightly resistant to hostile enchantments,
extraordinarily stealthy
A: bottle blood, fangs 3, horns 1, see invisible, unbreathing
a: Bat Form, Bottle Blood, Heroism, Renounce Religion


You were on level 6 of the Dungeon.
You worshipped Okawaru.
Okawaru was aware of your devotion.
You were thirsty.

You visited 1 branch of the dungeon, and saw 6 of its levels.

You collected 255 gold pieces.

Inventory:

Hand weapons
 a - a +2,+3 dagger (weapon) {=f}
 b - a +0 blowgun
Missiles
 e - 19 poisoned needles
 f - a curare-tipped needle
Armour
 c - a +0 robe
 d - a +0 cloak (worn)
 g - a +0 helmet
 u - a +2 orcish leather armour of poison resistance (worn)
Magical devices
 n - a wand of digging (7) {unknown}
 q - a wand of frost (11)
Scrolls
 h - a scroll of blinking {unknown}
 i - 2 scrolls of remove curse
 j - 2 scrolls of identify
 k - 2 scrolls of fear
 r - a scroll of random uselessness
 s - a scroll of magic mapping
 w - a scroll of amnesia
 x - a scroll of fog
Jewellery
 t - a ring of sustenance (left hand)
Potions
 o - 2 potions of blood
Books
 l - a book of Wizardry

   Spells                             Type                      Level
   Summon Elemental                   Summoning                    4
   Agony                              Necromancy                   5
   Force Lance                        Conjuration                  5
   Fireball                           Conjuration/Fire             5
   Haste                              Charms                       6
   Invisibility                       Hexes                        6
Magical staves
 p - an uncursed staff of power
Miscellaneous
 v - a plain deck of changes


   Skills:
 - Level 1.7(6.7) Fighting
 + Level 5.7(10.7) Short Blades
 - Level 1.5(6.5) Throwing
 + Level 5.2(10.2) Dodging
 + Level 9.7(14.7) Stealth


You had 6 spell levels left.
You didn't know any spells.

Dungeon Overview and Level Annotations

Branches:
Dungeon (6/27)             Temple (0/1) D:4
    Orc: D:6-11

Altars:
Ashenzari
Nemelex Xobeh
Okawaru

Annotations:
D:5 1Viktor's ghost, average MiFi; Menkaure


Innate Abilities, Weirdness & Mutations

You heal slowly.
You can bottle blood from corpses.
You have razor-sharp teeth.*
You have supernaturally acute eyesight.
You can survive without breathing.*
You have a pair of small horns on your head.*


Message History

You hit the wight but do no damage.
The wight is moderately damaged.
You closely miss the wight.
The wight is moderately damaged.
The wight closely misses you.
You barely miss the wight.
The wight is moderately damaged.
You hit the wight but do no damage.
The wight is moderately damaged.
The wight closely misses you.
You hit the wight. Your headbutt misses the wight.
The wight is heavily damaged.
You hit the wight but do no damage.
The wight is heavily damaged.
You closely miss the wight. You headbutt the wight.
The wight is heavily damaged.
The wight hits you with a halberd of flaming!
* * * LOW HITPOINT WARNING * * *
The wight burns you.
You die...

#..# #.z# #.z# ...
#oo# ..... #o.# .....
#.o# #..# #..#
##########..#
#..######............
#.oz@)..............<
##.######.......##...
#.# #.......##... #.#
#............ #.#
#.......##.##
#.######......<##.##
#..............(..>.
#.........#.......##
#.........#.......##


You could see a wight and an orc.

Vanquished Creatures
  A black bear (D:5)
  An ogre (D:6)
  Blork the orc (D:4)
  2 wights (D:6)
  A hound (D:4)
  2 orc priests
  An iguana (D:5)
  3 orc wizards
  4 worker ants
  4 adders
  3 gnolls (D:5)
  A giant mite (D:4)
  2 worms (D:6)
  4 giant geckos
  14 orcs
  8 bats
  2 giant cockroaches (D:1)
  11 hobgoblins
  8 kobolds
  A quokka (D:3)
  4 training dummies (D:4)
  2 ball pythons
  4 giant newts
  8 goblins
  5 jackals (D:3)
  8 rats
105 creatures vanquished.

Notes
Turn   | Place    | Note
--------------------------------------------------------------
     0 | D:1      | Impy, the Vampire Assassin, began the quest for the Orb.
     0 | D:1      | Reached XP level 1. HP: 15/15 MP: 1/1
    35 | D:1      | Reached skill level 6 in Stealth
   178 | D:1      | Reached XP level 2. HP: 21/21 MP: 2/2
   918 | D:2      | Reached XP level 3. HP: 14/26 MP: 3/3
  1716 | D:3      | Found a shattered altar of Ashenzari.
  1736 | D:3      | Reached skill level 7 in Stealth
  2039 | D:3      | Reached XP level 4. HP: 32/32 MP: 4/4
  2358 | D:3      | Reached XP level 5. HP: 4/38 MP: 5/5
  2809 | D:4      | Found an iron altar of Okawaru.
  2818 | D:4      | Became a worshipper of Warmaster Okawaru
  3014 | D:4      | HP: 1/38 [poisoned by a worker ant]
  3503 | D:4      | Noticed Blork the orc
  3505 | D:4      | Killed Blork the orc
  3505 | D:4      | Reached skill level 8 in Stealth
  3505 | D:4      | Reached XP level 6. HP: 44/44 MP: 6/6
  3610 | D:4      | Found a staircase to the Ecumenical Temple.
  3837 | D:5      | Entered Level 5 of the Dungeon
  3928 | D:5      | Noticed Menkaure
  3932 | D:5      | Noticed 1Viktor's ghost (average MiFi)
  4174 | D:5      | HP: 1/44 [black bear (4)]
  4175 | D:5      | Acquired Okawaru's first power
  4175 | D:5      | Reached skill level 5 in Short Blades
  4175 | D:5      | Reached XP level 7. HP: 27/49 MP: 7/7
  4310 | D:5      | Gained mutation: You have a pair of small horns on your head. [potion of mutation]
  4594 | D:6      | Reached skill level 9 in Stealth
  4666 | D:6      | Found a sparkling altar of Nemelex Xobeh.
  4854 | D:6      | Reached skill level 5 in Dodging
  4945 | D:6      | HP: 2/49 [wight/halberd of flaming (9)]
  4945 | D:6      | Slain by a wight

Action                   |  1- 3 |  4- 6 |  7- 9 || total
-------------------------+-------+-------+-------++-------
Melee: Dagger            |   118 |   172 |    84 ||   374
 Fire: Blowgun           |       |    27 |     5 ||    32
Invok: Heroism           |       |       |     1 ||     1
 Abil: End Transformatio |     1 |     4 |     1 ||     6
       Bat Form          |     1 |     4 |     1 ||     6
       Bottle Blood      |       |     1 |     1 ||     2
Evoke: Wand              |       |     3 |       ||     3
  Use: Scroll            |     8 |     3 |     2 ||    13
       Potion            |     4 |     2 |     5 ||    11
 Stab: Sleeping          |    11 |     9 |     5 ||    25
       Distracted        |       |     1 |       ||     1
       Invisible         |       |       |     1 ||     1
